 Dungeon Crawl Stone Soup version 0.29-a0-222-g5b244fca1f (webtiles) character file.

Game seed: 249294654846735227

112496 Inarius the Severer (level 16, 0/127 HPs)
             Began as a Demonspawn Fighter on Feb 27, 2022.
             Was the Champion of Nemelex Xobeh.
             Killed from afar by a starcursed mass (10 damage)
             ... with an accursed screaming
             ... summoned by Mlioglotl
             ... on level 1 of the Shoals.
             The game lasted 01:07:52 (26100 turns).

Inarius the Severer (Demonspawn Fighter)           Turns: 26100, Time: 01:07:53

Health: 0/127      AC: 21    Str: 30    XL:     16   Next: 11%
Magic:  23/23      EV:  7    Int: 11    God:    Nemelex Xobeh [******]
Gold:   1237       SH: 11    Dex: 14    Spells: 15/15 levels left

rFire   + . .      SeeInvis +   j - +1 broad axe (chaos)
rCold   . . .      Faith    .   w - +0 kite shield
rNeg    . . .      Spirit   .   T - +3 chain mail {Will+}
rPois   +          Reflect  .   (helmet unavailable)
rElec   .          Harm     .   U - +0 cloak {rF+}
rCorr   .          Rampage  .   B - +0 pair of gloves
Will    ++...                   t - +0 pair of boots
Stlth   ..........              g - amulet of regeneration
HPRegen 1.11/turn               y - ring of flight
MPRegen 0.18/turn               n - +6 ring of strength

@: mighty, about to teleport, afraid, flying
A: antennae 3, demonic guardian 2, powered by death 2, sharp scales 2, clever 1,
low MP 1, poison resistance
a: Renounce Religion, Draw Escape, Draw Destruction, Draw Summoning, Triple
Draw, Deal Four, Stack Five


You were on level 1 of the Shoals.
You worshipped Nemelex Xobeh.
Nemelex Xobeh was exalted by your worship.
You visited 5 branches of the dungeon, and saw 25 of its levels.
You visited 1 bazaar.
You also visited: Volcano.

You collected 2429 gold pieces.
You spent 1192 gold pieces at shops.

Inventory:

Hand Weapons
 a - a +0 demon whip of venom
 b - a +4 war axe
 j - a +1 broad axe of chaos (weapon)
Armour
 t - a +0 pair of boots (worn)
 w - a +0 kite shield (worn)
 z - a +0 plate armour of positive energy
 B - a +0 pair of gloves (worn)
 T - a +3 chain mail of willpower (worn)
 U - a +0 cloak of fire resistance (worn)
 V - a +1 plate armour of poison resistance
 W - a +0 plate armour of cold resistance
 Y - +0 fire dragon scales
Jewellery
 g - an amulet of regeneration (around neck)
 n - a +6 ring of strength (right hand)
 y - a ring of flight (left hand)
 C - a +6 ring of strength
 J - a ring of resist corrosion
 L - a ring of fire
 P - a ring of poison resistance
 X - an amulet of guardian spirit
 Z - a ring of protection from cold
Wands
 e - a wand of digging (17)
 l - a wand of paralysis (1)
 u - a wand of flame (23)
 E - a wand of acid (1)
 H - a wand of polymorph (1)
 S - a wand of mindburst (7)
Scrolls
 f - 5 scrolls of teleportation
 k - 4 scrolls of vulnerability
 m - 6 scrolls of noise
 s - 4 scrolls of enchant armour
 v - a scroll of blinking
 K - 3 scrolls of fear
 N - 4 scrolls of fog
 Q - 2 scrolls of identify
Potions
 c - 3 potions of brilliance
 d - 2 potions of might
 h - a potion of berserk rage
 i - a potion of cancellation
 o - a potion of invisibility {unknown}
 p - 5 potions of attraction
 q - a potion of flight
 x - a potion of resistance
 A - 6 potions of mutation
 D - 2 potions of magic
 F - a potion of lignification
 G - 4 potions of haste
 I - a potion of ambrosia
 M - 5 potions of heal wounds
 O - 5 potions of curing
Miscellaneous
 R - a condenser vane


   Skills:
 + Level 11.6 Fighting
 * Level 17.7 Axes
 + Level 11.2 Armour
 + Level 9.5 Shields
 * Level 13.7 Invocations
 + Level 6.4 Evocations


You had 15 spell levels left.
You didn't know any spells.
Your spell library contained the following spells:

 Spells                   Type           Power      Damage    Failure   Level
 Animate Skeleton         Necr           0%         N/A       97%         1
 Apportation              Tloc           0%         N/A       97%         1
 Foxfire                  Conj/Fire      0%         2x1d4     97%         1
 Magic Dart               Conj           0%         1d3       97%         1
 Sandblast                Erth           0%         2d4       97%         1
 Slow                     Hex            0%         N/A       97%         1
 Sting                    Tmut/Pois      0%         1d3       97%         1
 Summon Small Mammal      Summ           0%         N/A       97%         1
 Call Imp                 Summ           0%         N/A       99%         2
 Ensorcelled Hibernation  Hex/Ice        0%         N/A       99%         2
 Passwall                 Tmut/Erth      0%         N/A       99%         2
 Poisonous Vapours        Pois/Air       0%         N/A       99%         2
 Searing Ray              Conj           0%         2d4       99%         2
 Call Canine Familiar     Summ           0%         N/A       100%        3
 Confusing Touch          Hex            0%         N/A       100%        3
 Conjure Flame            Conj/Fire      0%         6-21      100%        3
 Ignite Poison            Fire/Tmut/Pois 0%         N/A       100%        3
 Inner Flame              Hex/Fire       0%         N/A       100%        3
 Mephitic Cloud           Conj/Pois/Air  0%         N/A       100%        3
 Ozocubu's Armour         Ice            0%         N/A       100%        3
 Portal Projectile        Hex/Tloc       0%         N/A       100%        3
 Stone Arrow              Conj/Erth      0%         3d7       100%        3
 Summon Guardian Golem    Hex/Summ       0%         N/A       100%        3
 Swiftness                Air            0%         N/A       100%        3
 Tukima's Dance           Hex            0%         N/A       100%        3
 Vampiric Draining        Necr           0%         2d6       100%        3
 Anguish                  Hex/Necr       0%         N/A       100%        4
 Animate Dead             Necr           0%         N/A       100%        4
 Cause Fear               Hex            0%         N/A       100%        4
 Flame Wave               Conj/Fire      0%         2d4       100%        4
 Fulminant Prism          Conj/Hex       0%         3d6       100%        4
 Leda's Liquefaction      Hex/Erth       0%         N/A       100%        4
 Olgreb's Toxic Radiance  Pois           0%         N/A       100%        4
 Alistair's Intoxication  Tmut/Pois      0%         N/A       100%        5
 Blade Hands              Tmut           0%         N/A       100%        5
 Borgnjor's Vile Clutch   Necr/Erth      0%         N/A       100%        5
 Excruciating Wounds      Necr           0%         N/A       100%        5
 Freezing Cloud           Conj/Ice/Air   0%         6-21      100%        5
 Irradiate                Conj/Tmut      0%         3d13      100%        5
 Lee's Rapid Deconstruct  Erth           0%         3d5*      100%        5
 Death Channel            Necr           0%         N/A       100%        6
 Eringya's Noxious Bog    Tmut/Pois      0%         N/A       100%        6
 Statue Form              Tmut/Erth      0%         N/A       100%        6
 Dragon Form              Tmut           0%         N/A       100%        7
 Enfeeble                 Hex            0%         N/A       100%        7
 Ozocubu's Refrigeration  Ice            0%         4d5       100%        7
 Discord                  Hex            0%         N/A       100%        8
 Dragon's Call            Summ           0%         N/A       100%        9


Dungeon Overview and Level Annotations

Branches:
Dungeon (15/15)            Temple (1/1) D:6            Lair (6/6) D:11
 Shoals (1/4) Lair:4        Snake (0/4) Lair:4        Slime (0/5) Lair:6
    Orc (2/2) D:12            Elf (0/3) Orc:2        Vaults (0/5) D:13
 Depths (0/4) D:15        Volcano (visited)

Altars:
Cheibriados
Elyvilon
Fedhas
Hepliaklqana
Makhleb
Nemelex Xobeh
Okawaru
Qazlal
Ru
Sif Muna
Trog
Xom
Yredelemnul
Zin
The Shining One
Beogh
Jiyva

Shops:
D:5 (   D:6 **   D:12 ***=   Orc:1 (   Orc:2 [[[(

Portals:
Trove: D:13 (give 11 potions of heal wounds)

Annotations:
Lair:1 2 runed translucent doors, Iniclolu's ghost, journeyman DsWn
Shoals:1 Mlioglotl


Innate Abilities, Weirdness & Mutations

You have a pair of large antennae on your head. (SInv)
A demonic guardian rushes to your aid.
You regenerate health from kills.
You are mostly covered in razor-sharp scales. (AC +2, Slay +2)
Your mind is acute. (Int +2)
Your magical capacity is low. (-10% MP)
Your system is resistant to poisons. (rPois)


Message History

You gasp with relief as air once again reaches your lungs.
Mlioglotl churns violently!
Mlioglotl corrupts the dungeon around him!
Unknown command.
You are no longer terrified.
The hellwing gives a chilling moan.
You feel very mighty all of a sudden. Mlioglotl hits you!
Mlioglotl tramples you but does no damage.
You hit Mlioglotl but do no damage. Mlioglotl hits you!
You block Mlioglotl's attack.
You slice Mlioglotl!!
Mlioglotl resists with almost no effort.
Mlioglotl is lightly wounded.
Mlioglotl hits you. Mlioglotl tramples you!!
You are shoved backwards!
You slash Mlioglotl! You burn Mlioglotl.
Mlioglotl is moderately wounded.
Mlioglotl hits you!
* * * LOW HITPOINT WARNING * * *
Mlioglotl tramples you.
* * * LOW HITPOINT WARNING * * *
You are shoved backwards!
You slash Mlioglotl!
Mlioglotl is moderately wounded.
Mlioglotl churns violently!
Mlioglotl corrupts the dungeon around him!
Unknown command.
As you read the scroll of teleportation, it crumbles to dust.
You feel strangely unstable. You block Mlioglotl's attack.
Mlioglotl tramples you!!
* * * LOW HITPOINT WARNING * * *
A demonic guardian appears!
You are shoved backwards!
Mlioglotl churns violently!
Mlioglotl radiates an aura of fear!
You are terrified of Mlioglotl!
A starcursed mass splits. x2
Your soul eater hits the red devil!
A chorus of shrieks assaults your mind.
You die...
Your body glows slightly and disappears.

≈≈≈≈≈≈≈≈≈≈≈≈≈≈≈≈≈≈≈≈≈≈≈≈≈≈≈≈≈≈≈≈≈
≈≈≈≈≈≈≈≈≈≈≈≈≈≈≈≈≈≈≈≈≈≈≈≈≈≈≈≈≈≈≈≈≈
≈≈≈≈≈≈≈≈≈≈≈≈≈≈≈≈≈≈≈≈≈≈≈≈≈≈≈≈≈≈≈≈≈
≈≈≈≈≈≈≈≈≈≈≈≈≈≈≈≈≈≈≈≈≈≈≈≈≈≈≈≈≈≈≈≈≈
≈≈≈≈≈≈≈≈≈≈≈≈≈≈≈≈≈≈≈≈≈≈≈≈≈≈≈≈≈≈≈≈≈
≈≈≈≈≈≈≈≈≈≈≈≈≈≈≈≈≈≈≈≈≈≈≈≈≈≈≈≈≈≈≈≈≈
≈≈≈≈≈≈≈≈≈≈≈≈≈≈≈≈≈≈≈≈≈≈≈≈≈≈≈≈≈≈≈≈≈
≈≈≈≈≈≈≈≈≈≈≈≈≈≈≈≈≈≈≈≈≈≈≈≈≈≈≈≈≈≈≈≈≈
≈≈≈≈≈≈≈≈≈≈≈≈X≈≈≈@≈≈≈≈≈≈≈≈≈≈≈≈≈≈≈≈
.≈≈≈≈≈≈≈≈≈≈≈≈X≈X≈≈≈≈≈≈≈≈≈≈≈≈≈≈≈≈≈
...≈≈≈≈≈≈≈≈≈≈≈≈≈3≈≈≈≈≈≈≈≈≈≈≈≈≈≈≈≈
#...≈≈≈≈≈≈≈≈≈≈≈≈E4≈≈≈≈≈≈≈≈≈≈≈≈≈≈≈
##....≈≈≈...V≈XX4≈≈≈≈≈≈≈≈≈≈≈≈≈≈≈≈
###........#≈≈≈≈≈≈≈≈≈≈≈≈≈≈≈≈≈≈≈≈
###...###..≈≈≈≈≈≈≈≈≈≈,,,,,≈≈≈≈
##.## #..≈≈≈≈≈≈≈≈≈≈,****,≈≈≈
##### ###**#..≈≈≈≈≈≈≈≈≈,,* *,≈≈≈


You could see 4 starcursed masses, Mlioglotl (strong, scary), a hellwing
(summoned), a water elemental, a vampire (summoned), a red devil (summoned, ally
target) and a friendly soul eater (summoned).

Vanquished Creatures
  Kirke (D:15)
  An ironbound preserver (D:13)
  Azrael (D:15)
  Josephine (Shoals:1)
  An ettin (D:15)
  A merfolk impaler (Shoals:1)
  2 fire dragons
  2 hydras
  Erolcha (D:9)
  2 boulder beetles
  A tengu warrior (D:15)
  2 catoblepae
  7 centaur warriors
  10 death yaks
  5 two-headed ogres
  A death knight (D:12)
  An alligator (Lair:6)
  2 orc high priests (Orc:2)
  Urug (Lair:2)
  A sea snake (Shoals:1)
  A deep troll (D:15)
  A swamp dragon (shapeshifter) (Shoals:1)
  2 lindwurms (Lair:6)
  2 wizards
  A necromancer (D:15)
  2 fauns (Shoals:1)
  4 orc knights
  4 deep elf pyromancers
  14 ugly things
  2 orc sorcerers
  A salamander (Volcano)
  4 manticores
  5 cyclopes
  9 elephants
  Maurice (D:9)
  A water nymph (Shoals:1)
  9 black mambas
  A rust devil (Lair:1)
  A torpor snail (Lair:4)
  4 merfolk sirens (Shoals:1)
  3 molten gargoyles (Lair:6)
  13 cane toads
  4 gargoyles
  4 unseen horrors
  3 rime drakes
  An efreet (D:13)
  10 komodo dragons
  A tengu conjurer (D:14)
  2 merfolk (Shoals:1)
  3 meliai (D:13)
  7 trolls
  2 wolf spider simulacra (D:15)
  2 wind drakes
  17 blink frogs
  A snapping turtle (Shoals:1)
  2 dream sheep (Lair:5)
  7 slime creatures
  3 water elementals
  Sigmund (D:5)
  A vampire (D:10)
  34 yaks
  8 wraiths
  10 wyverns
  2 fire elementals (D:14)
  9 basilisks
  10 fire bats (Volcano)
  A hog (shapeshifter) (D:15)
  5 hogs (D:15)
  Grum (D:9)
  8 steam dragons
  5 vampire mosquitoes
  3 wargs
  A naga (Lair:4)
  2 acid dragons (D:14)
  9 water moccasins
  34 orc warriors
  9 black bears
  7 hell hounds
  An ice beast (D:5)
  4 ogres
  2 sky beasts (D:6)
  9 centaurs
  12 wolves
  2 phantoms (D:6)
  2 kobold brigands (D:9)
  15 bullfrogs
  2 scorpions
  5 wights (D:10)
  5 killer bees (D:9)
  7 howler monkeys
  3 electric eels
  10 lava snakes
  3 hounds
  7 jellies
  20 orc priests
  5 gnoll shamans
  Jessica (D:2)
  28 orc wizards
  2 iguanas
  20 gnolls
  7 adders
  2 ufetubi
  3 worms
  2 dart slugs
  115 orcs
  9 ball pythons
  8 endoplasms
  4 giant cockroaches
  13 goblins
  8 hobgoblins
  13 jackals
  4 quokkas
  4 bats
  4 frilled lizards
  20 kobolds
  10 rats
  A spectral orc (D:10)
750 creatures vanquished.

Vanquished Creatures (collateral kills)
  Saint Roka (Orc:2)
  Rupert (Lair:4)
  Jorgrun (Orc:2)
  A fire dragon (D:11)
  3 two-headed ogres
  An alligator (Lair:6)
  A death yak (Lair:4)
  A sea snake (Shoals:1)
  A phantasmal warrior (D:11)
  2 cyclopes
  A faun (Shoals:1)
  An orc sorcerer (Orc:2)
  2 salamanders (Volcano)
  A black mamba (Lair:3)
  A cane toad (Lair:5)
  A gargoyle (D:12)
  A blink frog (Lair:2)
  5 dream sheep (Lair:5)
  A snapping turtle (Shoals:1)
  A yak (Lair:1)
  A fire bat (Volcano)
  A wyvern (D:8)
  2 steam dragons
  A water moccasin (D:5)
  A hell hound (Lair:6)
  An ice beast (D:5)
  3 orc warriors
  An ogre (D:5)
  2 centaurs
  A scorpion (D:11)
  An orc priest (Orc:2)
  A hound (D:5)
  A jelly (Lair:6)
  An orc wizard (D:8)
  5 orcs
  An endoplasm (D:1)
  A jackal (D:3)
53 creatures vanquished.

Vanquished Creatures (others)
  A human (D:15)
  An orc warrior (D:11)
  An orc wizard (D:7)
  23 fungi
  126 plants
152 creatures vanquished.

Grand Total: 955 creatures vanquished

Notes
Turn   | Place    | Note
-------+----------+-------------------------------------------
     0 | D:1      | Inarius the Demonspawn Fighter began the quest for the Orb.
     0 | D:1      | Reached XP level 1. HP: 18/18 MP: 1/1
   320 | D:1      | Gained mutation: A weak demonic guardian rushes to your
                  | aid. [demonic ancestry]
   320 | D:1      | Reached XP level 2. HP: 24/24 MP: 2/2
   436 | D:1      | Reached skill level 2 in Axes
   593 | D:1      | HP: 1/24 [poisoned by a kobold]
  1333 | D:2      | Reached XP level 3. HP: 29/29 MP: 3/3
  1548 | D:2      | Found a faded altar of an unknown god.
  2049 | D:2      | Found a basalt altar of Yredelemnul.
  2049 | D:2      | Noticed Jessica
  2052 | D:2      | Killed Jessica
  2053 | D:2      | Reached skill level 3 in Axes
  2053 | D:2      | Gained mutation: You have a pair of small antennae on your
                  | head. [demonic ancestry]
  2053 | D:2      | Reached XP level 4. HP: 35/35 MP: 4/4
  2372 | D:2      | Reached XP level 5. HP: 41/41 MP: 5/5
  2383 | D:3      | Reached skill level 4 in Axes
  3058 | D:4      | Noticed an ogre
  3085 | D:4      | Killed an ogre
  3086 | D:4      | Reached XP level 6. HP: 48/48 MP: 6/6
  3220 | D:4      | Identified the +0 helmet of Complete Protection {rN+
                  | Slay+4}
  3243 | D:4      | Reached skill level 5 in Axes
  3521 | D:5      | Entered Level 5 of the Dungeon
  3600 | D:5      | Noticed an ice beast
  3666 | D:5      | Killed an ice beast
  3667 | D:5      | Reached skill level 1 in Evocations
  3667 | D:5      | Gained mutation: You regenerate a little health from kills.
                  | [demonic ancestry]
  3667 | D:5      | Reached XP level 7. HP: 33/54 MP: 7/7
  3768 | D:5      | Reached skill level 6 in Axes
  3808 | D:5      | Found a hazy altar of Hepliaklqana.
  3961 | D:5      | Noticed Sigmund
  3974 | D:5      | Killed Sigmund
  3975 | D:5      | Gained mutation: You have a pair of antennae on your head.
                  | [demonic ancestry]
  3975 | D:5      | Reached XP level 8. HP: 21/61 MP: 8/8
  4093 | D:5      | Reached skill level 7 in Axes
  4336 | D:5      | Found Veda's Weapon Emporium.
  4681 | D:6      | Reached skill level 5 in Fighting
  4703 | D:6      | Reached skill level 8 in Axes
  4709 | D:6      | Found a staircase to the Ecumenical Temple.
  4724 | Temple   | Entered the Ecumenical Temple
  4732 | Temple   | Became a worshipper of Nemelex Xobeh the Trickster
  4927 | D:6      | Gained mutation: A demonic guardian rushes to your aid.
                  | [demonic ancestry]
  4927 | D:6      | Reached XP level 9. HP: 66/68 MP: 9/9
  5009 | D:6      | Reached skill level 1 in Invocations
  5076 | D:6      | Found Qunapy's General Store.
  5091 | D:6      | Found Roqocuung's Specific Store.
  5098 | D:6      | Bought 2 potions of curing for 66 gold pieces
  5102 | D:6      | Bought a potion of lignification for 36 gold pieces
  5123 | D:6      | Reached skill level 9 in Axes
  5123 | D:6      | Reached skill level 5 in Armour
  5366 | D:6      | Found Zin's Purification Station.
  5587 | D:7      | Reached * piety under Nemelex Xobeh
  5779 | D:7      | Noticed a cyclops
  5795 | D:7      | Noticed a cyclops
  5807 | D:7      | Killed a cyclops
  5818 | D:7      | HP: 4/102 [cyclops (19)]
  5825 | D:7      | Killed a cyclops
  5826 | D:7      | Reached skill level 10 in Axes
  6595 | D:7      | Gained mutation: You have a pair of large antennae on your
                  | head. (SInv) [demonic ancestry]
  6595 | D:7      | Reached XP level 10. HP: 62/75 MP: 12/12
  6716 | D:8      | Received a gift from Nemelex Xobeh
  7046 | D:8      | Found a snail-covered altar of Cheibriados.
  7055 | D:8      | Noticed a seven-headed hydra
  7513 | D:9      | Reached ** piety under Nemelex Xobeh
  7616 | D:9      | Noticed Erolcha
  7625 | D:9      | Noticed a centaur warrior
  7634 | D:9      | Killed a centaur warrior
  7692 | D:9      | Noticed Grum
  7703 | D:9      | Killed Grum
  7728 | D:9      | Reached skill level 5 in Invocations
  8017 | D:9      | Killed Erolcha
  8018 | D:9      | Reached skill level 11 in Axes
  8018 | D:9      | Reached skill level 5 in Shields
  8092 | D:9      | Noticed a two-headed ogre
  8145 | D:9      | Killed a two-headed ogre
  8206 | D:9      | Found a bloodstained altar of Trog.
  8271 | D:9      | Noticed Maurice
  8333 | D:9      | Killed Maurice
  8433 | D:9      | Gained mutation: You are partially covered in razor-sharp
                  | scales. (AC +1, Slay +1) [demonic ancestry]
  8433 | D:9      | Reached XP level 11. HP: 81/83 MP: 15/15
  8571 | D:10     | Entered Level 10 of the Dungeon
  8759 | D:10     | Found a basalt altar of Yredelemnul.
  8988 | D:10     | Found a blossoming altar of Fedhas.
  9049 | D:10     | Noticed a two-headed ogre
  9059 | D:10     | Killed a two-headed ogre
  9137 | D:10     | Found a hide-covered altar of Uskayaw.
  9140 | D:10     | Found a radiant altar of Vehumet.
  9142 | D:10     | Found a stormy altar of Qazlal.
  9142 | D:10     | Found a shimmering altar of Xom.
  9142 | D:10     | Found a burning altar of Makhleb.
  9220 | D:11     | Noticed a two-headed ogre
  9264 | D:10     | Killed a two-headed ogre
  9372 | D:11     | Received a gift from Nemelex Xobeh
  9595 | D:11     | Reached *** piety under Nemelex Xobeh
  9626 | D:11     | Noticed a lindwurm
  9626 | D:11     | a cyclops changed into a lindwurm
  9709 | D:11     | a lindwurm changed into a wind drake
  9833 | D:11     | Noticed a two-headed ogre
  9852 | D:11     | Killed a two-headed ogre
  9853 | D:11     | Reached skill level 5 in Evocations
  9910 | D:11     | Reached skill level 12 in Axes
  9935 | D:11     | Found a staircase to the Lair.
  9944 | D:11     | Noticed a five-headed hydra
  9953 | D:11     | Noticed a fire dragon
  9953 | D:11     | a five-headed hydra changed into a fire dragon
 10038 | D:11     | Killed a fire dragon
 10151 | D:11     | Received a gift from Nemelex Xobeh
 10383 | D:11     | Noticed a wizard
 10396 | D:11     | Killed a wizard
 10736 | D:12     | Noticed a phantasmal warrior
 10744 | D:12     | Noticed a death knight
 10763 | D:11     | Killed a phantasmal warrior
 10959 | D:12     | Found Ikesaj's General Store.
 10961 | D:12     | Bought a scroll of fear for 59 gold pieces
 11021 | D:12     | Found Xaifeg's Jewellery Shoppe.
 11035 | D:13     | Received a gift from Nemelex Xobeh
 11509 | D:12     | Reached XP level 12. HP: 83/91 MP: 17/17
 11747 | D:12     | Noticed a two-headed ogre
 11793 | D:12     | Killed a two-headed ogre
 11835 | D:12     | Found Xyownix's General Store.
 11843 | D:12     | Bought 3 scrolls of identify for 90 gold pieces
 11843 | D:12     | Bought a scroll of identify for 30 gold pieces
 11872 | D:12     | Found Xejavikk's General Store.
 11875 | D:12     | Bought a scroll of fog for 22 gold pieces
 12004 | D:12     | Found a staircase to the Orcish Mines.
 12070 | D:12     | Noticed a boulder beetle
 12087 | D:12     | Killed a boulder beetle
 12235 | D:12     | Killed a death knight
 12493 | D:11     | Reached skill level 13 in Axes
 12514 | Lair:1   | Entered Level 1 of the Lair of Beasts
 12577 | Lair:1   | Reached **** piety under Nemelex Xobeh
 12624 | Lair:1   | Received a gift from Nemelex Xobeh
 12668 | Lair:1   | Found a large runed translucent door.
 12668 | Lair:1   | Found a large runed translucent door.
 12724 | Lair:1   | Noticed Iniclolu's ghost (journeyman DsWn)
 12805 | Lair:1   | Noticed Amaemon
 12814 | Lair:1   | Noticed Amaemon
 12814 | Lair:1   | Amaemon changed into Amaemon the blink frog
 12828 | Lair:1   | Killed Amaemon the blink frog
 12927 | Lair:1   | Identified the +12 morningstar "Leromick" {holy, Will++}
 13110 | Lair:1   | Received a gift from Nemelex Xobeh
 13581 | Lair:2   | Noticed a catoblepas
 13600 | Lair:2   | Killed a catoblepas
 13744 | Lair:2   | Noticed Urug
 13757 | Lair:2   | Killed Urug
 13902 | Lair:2   | Reached skill level 14 in Axes
 13922 | Lair:2   | Received a gift from Nemelex Xobeh
 14360 | Lair:3   | Noticed Sonja
 14361 | Lair:3   | Noticed Sonja
 14361 | Lair:3   | Sonja changed into Sonja the black bear
 14366 | Lair:3   | Killed Sonja the black bear
 14528 | Lair:3   | Received a gift from Nemelex Xobeh
 14541 | Lair:3   | Gained mutation: You are mostly covered in razor-sharp
                  | scales. (AC +2, Slay +2) [demonic ancestry]
 14541 | Lair:3   | Reached XP level 13. HP: 98/98 MP: 19/19
 14554 | Lair:3   | Reached ***** piety under Nemelex Xobeh
 15038 | Lair:4   | Found a staircase to the Shoals.
 15039 | Lair:4   | Noticed Rupert
 15202 | Lair:4   | Found a staircase to the Snake Pit.
 15202 | Lair:4   | Received a gift from Nemelex Xobeh
 15222 | Lair:4   | Killed Rupert
 15440 | Lair:4   | Reached skill level 10 in Invocations
 15910 | Lair:4   | Identified the +5 dagger of Qaum {vorpal, Str+5}
 16078 | Lair:4   | Received a gift from Nemelex Xobeh
 16597 | Lair:5   | Reached skill level 15 in Axes
 16705 | Lair:5   | Received a gift from Nemelex Xobeh
 17075 | Lair:6   | Entered Level 6 of the Lair of Beasts
 17172 | Lair:5   | Reached XP level 14. HP: 19/108 MP: 22/22
 17450 | Lair:6   | Found a staircase to the Slime Pits.
 17450 | Lair:6   | Found a viscous altar of Jiyva.
 17714 | Lair:6   | Received a gift from Nemelex Xobeh
 17760 | Lair:6   | Found a large runed translucent door.
 17975 | Lair:6   | Reached skill level 16 in Axes
 18096 | Lair:6   | Found a large runed translucent door.
 18394 | Lair:6   | Noticed a quicksilver ooze
 18396 | Lair:6   | a quicksilver ooze changed into an alligator
 18725 | Lair:6   | Reached skill level 10 in Armour
 19132 | D:12     | Bought a ring of willpower for 325 gold pieces
 19197 | Orc:1    | Entered Level 1 of the Orcish Mines
 19378 | Orc:1    | Received a gift from Nemelex Xobeh
 19685 | Orc:1    | Found Wazes's Weapon Shoppe.
 19864 | Orc:1    | Reached ****** piety under Nemelex Xobeh
 19864 | Orc:1    | Received a gift from Nemelex Xobeh
 19999 | Orc:2    | Entered Level 2 of the Orcish Mines
 20057 | Orc:2    | Noticed Jorgrun
 20071 | Orc:2    | Killed Jorgrun
 20072 | Orc:2    | Reached skill level 10 in Fighting
 20115 | Orc:2    | Found a dark tunnel.
 20123 | Volcano  | Entered a volcano
 20338 | Volcano  | Received a gift from Nemelex Xobeh
 20889 | Orc:2    | Found a staircase to the Elven Halls.
 20889 | Orc:2    | Received a gift from Nemelex Xobeh
 20979 | Orc:2    | Found a shimmering blue altar of Sif Muna.
 21177 | Orc:2    | Gained mutation: You regenerate health from kills. [demonic
                  | ancestry]
 21177 | Orc:2    | Reached XP level 15. HP: 112/117 MP: 24/24
 21177 | Orc:2    | Found Piamicvy's Antique Armour Boutique.
 21246 | Orc:2    | Found Avoroen's Armour Shoppe.
 21316 | Orc:2    | Received a gift from Nemelex Xobeh
 21367 | Orc:2    | Noticed Saint Roka
 21387 | Orc:2    | Paralysed by an orc sorcerer for 6 turns
 21399 | Orc:2    | Killed Saint Roka
 21485 | Orc:2    | Found Feorph's Antique Weapon Shop.
 21489 | Orc:2    | Found Caecuh's Antique Armour Boutique.
 21504 | Orc:2    | Bought an ancient chain mail for 218 gold pieces
 21504 | Orc:2    | Identified the +4 chain mail of Spite {rC- Str+5} (You
                  | bought it in a shop on level 2 of the Orcish Mines)
 22359 | D:13     | Received a gift from Nemelex Xobeh
 22558 | D:13     | Found a gate to the Vaults.
 22609 | D:13     | Reached skill level 17 in Axes
 22733 | D:13     | Found a portal to a secret trove of treasure.
 23136 | D:14     | Received a gift from Nemelex Xobeh
 23977 | D:15     | Entered Level 15 of the Dungeon
 24130 | D:15     | Received a gift from Nemelex Xobeh
 24142 | D:15     | Noticed Azrael
 24197 | D:15     | Killed Azrael
 24335 | D:15     | Found a staircase to the Depths.
 24517 | D:15     | Noticed Kirke
 24537 | D:15     | Killed Kirke
 24755 | D:15     | Received a gift from Nemelex Xobeh
 25130 | Shoals:1 | Entered Level 1 of the Shoals
 25130 | Shoals:1 | Noticed Josephine
 25205 | Shoals:1 | Killed Josephine
 25280 | Shoals:1 | Reached XP level 16. HP: 71/126 MP: 26/26
 25315 | Shoals:1 | Found a flickering gateway to a bazaar.
 25324 | Bazaar   | Entered a bazaar
 25373 | Bazaar   | Found Zicimnob's Magic Scroll Shop.
 25406 | Bazaar   | Found Gebaku's Magic Scroll Shop.
 25438 | Bazaar   | Found Zicec's Distillery.
 25464 | Bazaar   | Found Vaonof's Distillery.
 25498 | Bazaar   | Bought a potion of heal wounds for 45 gold pieces
 25498 | Bazaar   | Bought a potion of heal wounds for 45 gold pieces
 25498 | Bazaar   | Bought a potion of might for 36 gold pieces
 25514 | Bazaar   | Bought a scroll of enchant weapon for 105 gold pieces
 25546 | Bazaar   | Bought a scroll of teleportation for 30 gold pieces
 25546 | Bazaar   | Bought a scroll of identify for 20 gold pieces
 25546 | Bazaar   | Bought a scroll of teleportation for 30 gold pieces
 25546 | Bazaar   | Bought a scroll of fear for 35 gold pieces
 25745 | Shoals:1 | Noticed Mlioglotl
 25746 | Shoals:1 | Gained mutation: Your magical capacity is low. (-10% MP) [a
                  | neqoxec]
 25753 | Shoals:1 | Gained mutation: You are dopey. (Int -2) [a neqoxec]
 25755 | Shoals:1 | Gained mutation: Armour fits poorly on your strangely
                  | shaped body. [a neqoxec]
 25779 | Shoals:1 | HP: 5/126 [snapping turtle (26)]
 26010 | Shoals:1 | Lost mutation: Armour fits poorly on your strangely shaped
                  | body. [potion of mutation]
 26010 | Shoals:1 | Lost mutation: You are dopey. (Int -2) [potion of mutation]
 26010 | Shoals:1 | Gained mutation: Your system is resistant to poisons.
                  | (rPois) [potion of mutation]
 26010 | Shoals:1 | Gained mutation: Your mind is acute. (Int +2) [potion of
                  | mutation]
 26100 | Shoals:1 | Killed from afar by a starcursed mass

Illustrated notes

Levels and vault maps discovered:
D:1:      matt_arrival_diagonals, layout_basic
D:2:      layout_loops_ring, hellmonk_ecumenical_altar_arch_garden, basic_altar,
          minmay_rat_gold_closets, uniq_jessica
D:3:      layout_loops_ring, mainiacjoe_overflow_alcove_2
D:4:      layout_rooms, mainiacjoe_overflow_brackets, minmay_ogre_servants
D:5:      layout_basic, overflow_temple_1_default, serial_glass,
          glass_columns_b, glass_columns_c, serial_shops, shop,
          minmay_misc_feat_doors, hangedman_decor_opposing, uniq_sigmund
D:6:      layout_loops_corners, zin_purify,
          minmay_temple_entry_drinking_statues, nicolae_specific_store,
          nicolae_zen_rock_garden, minmay_quadrilaterals
D:7:      kennysheep_big_flooded_room, layout_gridville
D:8:      layout_loops_cross, kennysheep_slug_shrine, mrwooster_statue_mirror
D:9:      layout_roguey, general_overflow_altar, nrook_campfire, uniq_maurice,
          uniq_erolcha, uniq_grum
D:10:     layout_roguey, doesnt_xom_only_xom, fedhas_altar_2,
          yredelemnul_forgotten_temple_becter
D:11:     layout_layer_cave, grunt_lair_entry_orc_guard_hut,
          lightli_wizard_tower
D:12:     layout_basic, david_orc_5, serial_shops, nicolae_stop_n_shop_2, shop,
          kennysheep_mini_moat, nicolae_shop_behind_doors
D:13:     layout_roguey, skrybe_vaults_entry_preservation,
          nicolae_trove_entry_columns
D:14:     layout_cave_pools, chequers_big_river, kennysheep_donut
D:15:     hangedman_depths_entry_civil_slaughter, layout_gridville,
          minmay_misc_feat_columns, uniq_kirke, uniq_azrael
Temple:   dshaligram_water_room_temple
Lair:1:   layout_long_grid, ebering_ghost_disaster_area,
          chequers_serial_rivers_large_b, serial_bayou_shore_a, uniq_amaemon
Lair:2:   layout_roguey, uniq_urug
Lair:3:   layout_concentric_octagons, uniq_sonja
Lair:4:   layout_cave_pods, shoals_dummy_entry, guppyfry_snake_entry_garden,
          lemuel_fruit_fields, uniq_rupert
Lair:5:   layout_hall_layers
Lair:6:   cheibrodos_lair_end_hotspot, layout_cellular_growth, slime_altar_1,
          nicolae_lair_time_for_slime
Shoals:1: layout_shoals, serial_shops, bzr_in_the_mist,
          nicolae_shoals_wave_tunnel, uniq_josephine, uniq_mlioglotl
Orc:1:    layout_caves, serial_shops, nicolae_shop_hallway_stairs,
          nicolae_orc_lava_tube
Orc:2:    grunt_orc_community_town_hall, layout_diamond_mine,
          grunt_orc_community_big_house_2, grunt_orc_community_big_house_2,
          grunt_orc_community_house_1, grunt_orc_community_house_2,
          grunt_orc_community_house_3, grunt_orc_community_house_3,
          grunt_orc_community_house_2, enter_volcano_3,
          kennysheep_orc_sif_temple, uniq_jorgrun

Skill      XL: |  1  2  3  4  5  6  7  8  9 10 11 12 13 14 15 |
---------------+----------------------------------------------+-----
Axes           | 2 3 4 5 6 8 10 11 12 14 15 16 17 | 17.7
Shields        | 3 4 5 6 7 8 9 |  9.5
Armour         | 3 4 5 6 7 8 9 10 11 | 11.2
Fighting       | 4 5 6 7 8 9 10 11 | 11.6
Evocations     | 1 2 3 4 5 6 |  6.4
Invocations    | 3 5 7 9 11 12 13 | 13.7

Action                   |  1- 3 |  4- 6 |  7- 9 | 10-12 | 13-15 | 16-18 || total
-------------------------+-------+-------+-------+-------+-------+-------++-------
Melee: War axe           |   150 |   199 |   201 |   260 |  1176 |       ||  1986
       Hand axe          |       |       |    83 |   654 |       |       ||   737
       Demon whip        |       |       |       |       |    13 |       ||    13
       Broad axe         |       |       |       |       |   182 |    82 ||   264
Throw: Throwing net      |       |       |       |       |     2 |     1 ||     3
Invok: Draw Destruction  |       |       |       |    15 |    42 |       ||    57
       Draw Summoning    |       |       |       |     1 |     4 |       ||     5
Evoke: Wand              |       |     1 |     5 |    20 |    31 |     2 ||    59
  Use: Potion            |       |       |     7 |     3 |     4 |     2 ||    16
       Scroll            |       |       |       |    20 |     9 |     4 ||    33
 Stab: Paralysed         |       |     3 |    15 |    23 |     1 |       ||    42
       Distracted        |       |       |       |     1 |     4 |       ||     5
       Held in net/web   |       |       |       |       |     1 |       ||     1
       Petrified         |       |       |       |       |     9 |       ||     9
       Petrifying        |       |       |       |       |     1 |       ||     1
Armor: Scale mail        |    87 |    97 |    32 |       |       |       ||   216
       Plate armour      |       |       |   143 |   475 |   450 |       ||  1068
       Skin              |       |       |     1 |       |       |       ||     1
       Fire dragon scale |       |       |       |       |    98 |       ||    98
       Chain mail        |       |       |       |       |   180 |    34 ||   214
Dodge: Dodged            |    70 |    95 |    90 |   210 |   278 |    15 ||   758
Block: Buckler           |    35 |    46 |    42 |       |       |       ||   123
       Kite shield       |       |       |    53 |   434 |   671 |    38 ||  1196

Table legend: (Time is in decaauts)
 A = Elapsed time spent in this place.
 B = Non-inter-level travel time spent in this place.
 C = Inter-level travel time spent in this place.
 D = Time resting spent in this place.
 E = Time spent auto-exploring this place.
 F = Levels seen in this place.
 G = Mean time per level.
                   A        B        C        D        E       F      G
               +--------+--------+--------+--------+--------+-----+--------+
         Total |  26078 |  24601 |   1477 |   2751 |  13398 |  27 |  965.9 |
       Dungeon |  15827 |  14895 |    932 |   1703 |   8396 |  15 | 1055.1 |
        Temple |     14 |     14 |      0 |      0 |      0 |   1 |   14.0 |
          Lair |   6723 |   6278 |    445 |    735 |   3645 |   6 | 1120.5 |
        Shoals |    616 |    616 |      0 |    155 |    155 |   1 |  616.0 |
  Orcish Mines |   2132 |   2033 |     99 |     55 |   1072 |   2 | 1066.0 |
        Bazaar |    237 |    237 |      0 |      0 |    129 |   1 |  237.0 |
       Volcano |    525 |    525 |      0 |    102 |      0 |   1 |  525.0 |
               +--------+--------+--------+--------+--------+-----+--------+

Top non-repeatable levels by time:
    D:11: 1745 daAuts
    D:12: 1694 daAuts
  Lair:6: 1627 daAuts
  Lair:4: 1321 daAuts
   Orc:2: 1317 daAuts
     D:1: 1271 daAuts
     D:7: 1177 daAuts
     D:6: 1112 daAuts
  Lair:1: 1107 daAuts
     D:9: 1050 daAuts
  Lair:5: 1043 daAuts
    D:13: 1040 daAuts
    D:14: 965 daAuts
     D:2: 944 daAuts
    D:15: 899 daAuts
